 Dungeon Crawl Stone Soup version 0.31-a0-182-gc5ef74bbde (webtiles) character file.

Game seed: 6940515882907567996

241 ragingrage the Trooper (level 6, -1/58 HPs)
             Began as a Naga Monk on June 20, 2023.
             Slain by a wyvern (9 damage)
             ... on level 4 of the Dungeon.
             The game lasted 00:02:24 (2765 turns).

ragingrage the Trooper (Naga Monk)                  Turns: 2765, Time: 00:02:24

Health: -1/58      AC:  3    Str: 22    XL:     6   Next: 8%
Magic:  0/6        EV: 16    Int: 10    God:
Gold:   148        SH:  0    Dex: 13    Spells: 5/5 levels left

rFire   . . .        a - +0 mace
rCold   . . .        d - orb {light}
rNeg    . . .        b - +0 robe
rPois   +            (no helmet)
rElec   .            (no cloak)
rCorr   .            (no gloves)
SInv    +            (no barding)
Will    .....        e - amulet of guardian spirit
Stlth   +            p - +6 ring of strength
HPRegen 0.29/turn    n - +5 ring of evasion
MPRegen 0.10/turn

%: guardian spirit
@: glowing, very slow
A: AC +2, large, see invisible, deformed body, poison resistance, slowness 2,
spit poison 1, naga tail 1
a: Spit Poison


You were on level 4 of the Dungeon.
You visited 1 branch of the dungeon, and saw 4 of its levels.

You collected 220 gold pieces.
You spent 72 gold pieces at shops.

Inventory:

Hand Weapons
 a - a +0 mace (weapon)
 r - a +0 short sword of venom
Missiles
 j - 3 poisoned darts
Armour
 b - a +0 robe (worn)
 d - an orb of light (worn)
 s - a +0 pair of gloves
Jewellery
 e - an amulet of guardian spirit (around neck)
 n - a +5 ring of evasion (right hand)
 p - a +6 ring of strength (left hand)
Scrolls
 h - a scroll of revelation {unknown}
 i - a scroll of amnesia {unknown}
 k - 3 scrolls of identify {unknown}
 m - 3 scrolls of teleportation
 o - a scroll of torment {unknown}
 t - a scroll of enchant armour {unknown}
 u - a scroll of immolation {unknown}
 v - a scroll of vulnerability {unknown}
 x - a scroll of poison {unknown}
Potions
 c - a potion of ambrosia
 f - a potion of heal wounds
 g - 2 potions of attraction {unknown}
 l - 3 potions of curing {unknown}
 w - 3 potions of mutation {unknown}


   Skills:
 + Level 4.5 Fighting
 + Level 4.4 Maces & Flails
 + Level 3.6 Dodging


You had 5 spell levels left.
You didn't know any spells.
Your spell library contained the following spells:

 Spells                   Type           Power      Damage    Failure   Level
 Summon Forest            Summ/Tloc      0%         N/A       100%        5
 Eringya's Noxious Bog    Tmut/Pois      0%         N/A       100%        6
 Summon Hydra             Summ           0%         N/A       100%        7


Dungeon Overview and Level Annotations

Branches:
Dungeon (4/15)
 Temple: D:4-7

Altars:
Vehumet

Shops:
D:1 *

Annotations:
D:3 1 runed translucent door, superbruh's ghost, amateur GnWn


Innate Abilities, Weirdness & Mutations

Your serpentine skin is tough. (AC +2)
You have supernaturally acute eyesight. (SInv)
Armour fits poorly on your strangely shaped body.
Your system is resistant to poisons. (rPois)
You cover ground very slowly.
You can spit poison.
You have a snake-like lower body.


Message History

You hit the iguana but do no damage. The iguana closely misses you.
You barely miss the iguana.
You have got your breath back.
The iguana misses you.
You hit the iguana.
You kill the iguana!
You have reached level 6!
Your skin feels tougher.
A scorpion comes into view.
A scorpion is nearby!
A wyvern comes into view.
The wyvern hisses angrily.
There are monsters nearby!
The scorpion closely misses you.
Aiming: Spit Poison (1% risk of failure)
Press: ? - help, Shift-Dir - straight line, f - scorpion
Aim: a scorpion (haloed, 76% to hit)
The splash of poison hits the scorpion.
The scorpion is poisoned.
The scorpion stings you.
A dart slug comes into view.
The wyvern attacks as you move away! The wyvern misses you. x2
The scorpion stings you.
The dart slug briefly extends its eye-stalks.
The wyvern bites you.
The scorpion looks more healthy.
The wyvern bites you! x2
You hit the wyvern.
You have got your breath back.
The wyvern bites you!
* * * LOW HITPOINT WARNING * * *
The scorpion closely misses you. The wyvern closely misses you.
It was a potion of heal wounds.
You feel much better. The wyvern misses you. The wyvern barely misses you.
Unknown command.
You hit the wyvern but do no damage. The wyvern bites you!
The wyvern bites you but does no damage.
You hit the wyvern. The wyvern bites you!
* * * LOW HITPOINT WARNING * * *
The wyvern bites you!
You die...

.......). .....$...
.......## #w.......
#........ #........ #
+........
#.####........
#..@lsw.......
############.........
#....................
#.################...
#.# ###.....####...
#.#####.<........# ..
#.....'..........#
#######..........#
#..........####


You could see a wyvern, a scorpion and a dart slug.

Vanquished Creatures
  A howler monkey (D:4)
  An orc priest (D:4)
  2 iguanas (D:4)
  An orc wizard (D:4)
  4 adders
  A worm (D:2)
  2 dart slugs
  4 orcs
  5 ball pythons
  4 endoplasms
  A giant cockroach (D:3)
  6 goblins
  4 hobgoblins
  3 jackals (D:2)
  5 kobolds
  A quokka (D:3)
  4 bats
  2 frilled lizards (D:1)
  5 rats
56 creatures vanquished.

Notes
Turn   | Place    | Note
-------+----------+-------------------------------------------
     0 | D:1      | ragingrage the Naga Monk began the quest for the Orb.
     0 | D:1      | Reached XP level 1. HP: 21/21 MP: 1/1
   226 | D:1      | Reached XP level 2. HP: 27/28 MP: 0/2
   250 | D:1      | Found a faded altar of an unknown god.
   589 | D:1      | Found Hikkuare's General Store.
   597 | D:1      | Bought a scroll of teleportation for 36 gold pieces
   864 | D:1      | Reached XP level 3. HP: 14/34 MP: 3/3
  1330 | D:1      | Bought a potion of lignification for 36 gold pieces
  1693 | D:3      | Found a runed translucent door.
  1770 | D:3      | Reached XP level 4. HP: 42/44 MP: 4/4
  1870 | D:3      | Found a radiant altar of Vehumet.
  2255 | D:3      | Noticed superbruh's ghost (amateur GnWn)
  2534 | D:4      | Reached XP level 5. HP: 50/50 MP: 5/5
  2748 | D:4      | Reached XP level 6. HP: 58/58 MP: 6/6
  2755 | D:4      | Noticed a wyvern
  2765 | D:4      | Slain by a wyvern

Illustrated notes

Levels and vault maps discovered:
D:1:      sevenhm_arrival_forest_fort_small_3, layout_basic, serial_shops, shop,
          shapermc_ecumenical_altar_pompeii, minivault_4, minivault_14
D:2:      layout_rooms, minmay_misc_feat_room, minmay_between
D:3:      wander_river, layout_rooms, mainiacjoe_overflow_small_starburst,
          ebering_ghost_reflecting_pool
D:4:      nicolae_cairo_tiling_large, layout_basic

Skill      XL: |  1  2  3  4 |
---------------+-------------+-----
Dodging        | 3 |  3.6
Fighting       | 4 |  4.5
Maces & Flails | 4 |  4.4

Action                     |  1- 3 |  4- 6 || total
---------------------------+-------+-------++-------
  Melee: Mace              |    85 |    41 ||   126
         Unarmed           |       |    17 ||    17
Ability: Spit Poison       |    12 |     5 ||    17
    Use: Potion            |       |     2 ||     2
 Armour: Robe              |    17 |     8 ||    25
         Skin              |       |    33 ||    33
  Dodge: Dodged            |    56 |    43 ||    99

Table legend: (Time is in decaauts)
 A = Elapsed time spent in this place.
 B = Non-inter-level travel time spent in this place.
 C = Inter-level travel time spent in this place.
 D = Time resting spent in this place.
 E = Time spent auto-exploring this place.
 F = Levels seen in this place.
 G = Mean time per level.
                   A        B        C        D        E       F      G
               +--------+--------+--------+--------+--------+-----+--------+
         Total |   3551 |   3278 |    273 |    330 |   2419 |   4 |  887.8 |
       Dungeon |   3551 |   3278 |    273 |    330 |   2419 |   4 |  887.8 |
               +--------+--------+--------+--------+--------+-----+--------+

Top non-repeatable levels by time:
     D:1: 1305 daAuts
     D:3: 832 daAuts
     D:2: 818 daAuts
     D:4: 595 daAuts
